 Dungeon Sprint DCSS version 0.27.1-15-g792fb953b9 (webtiles) character file.

Game seed: 3949779080898578121

186 boopmooplesden the Blocker (level 5, 0/53 HPs)
             Began as a Minotaur Fighter on Nov 18, 2021.
             Was an Initiate of Okawaru.
             Slain by a river rat (4 damage)
             ... in the Dungeon (Sprint VII: "The Pits").
             The game lasted 00:00:39 (111 turns).

boopmooplesden the Blocker (Minotaur Fighter)        Turns: 111, Time: 00:00:40

Health: 0/53       AC:  8    Str: 22    XL:     5   Next: 38%
Magic:  4/4        EV:  8    Int:  5    God:    Okawaru [......]
Gold:   0          SH: 11    Dex:  9    Spells: 4/4 levels left

rFire    . . .     SeeInvis .   k - +2 falchion
rCold    . . .     Faith    .   c - +0 kite shield
rNeg     . . .     Spirit   .   b - +0 scale mail
rPois    .         Reflect  .   (helmet restricted)
rElec    .         Harm     .   (no cloak)
rCorr    .         Rampage  .   (no gloves)
Will     .....     NoTele   +   (no boots)
Stlth    ..........             (no amulet)
HPRegen  0.17/turn              (no ring)
MPRegen  0.09/turn              (no ring)

@: no status effects
A: horns 2, retaliatory headbutt
a: Renounce Religion


You were in the Dungeon.
You worshipped Okawaru.
Okawaru was noncommittal.
You visited 1 branch

Inventory:

Hand Weapons
 a - a +0 long sword
 k - a +2 falchion (weapon)
Armour
 b - a +0 scale mail (worn)
 c - a +0 kite shield (worn)
Scrolls
 j - a scroll of blinking
 m - 5 scrolls of amnesia
 n - a scroll of summoning
Potions
 d - a potion of might
 f - a potion of heal wounds
 g - a potion of haste
 h - 4 potions of magic
 i - 3 potions of berserk rage
 l - 2 potions of invisibility


   Skills:
 + Level 8.0 Fighting
 + Level 5.2 Long Blades
 + Level 8.0 Armour
 + Level 0.5 Dodging
 + Level 8.1 Shields


You had 4 spell levels left.
You didn't know any spells.
Your spell library was empty.

Dungeon Overview and Level Annotations

Branches:
Dungeon (1/1)

Altars:
Ashenzari
Cheibriados
Dithmenos
Elyvilon
Fedhas
Gozag
Hepliaklqana
Kikubaaqudgha
Makhleb
Nemelex Xobeh
Okawaru
Qazlal
Ru
Sif Muna
Trog
Uskayaw
Vehumet
Wu Jian
Xom
Yredelemnul
Zin
The Shining One
Beogh
Jiyva
Lugonu


Innate Abilities, Weirdness & Mutations

You have a pair of horns on your head.
You reflexively headbutt those who attack you in melee.


Message History

The ufetubus hits you. You block the ufetubus's attack. x2
You miss the ufetubus.
The ufetubus is moderately wounded.
You block the ufetubus's attack. The ufetubus completely misses you.
The ufetubus barely misses you. You furiously retaliate!
You headbutt the ufetubus.
You kill the ufetubus!
Okawaru accepts your kill.
Your Fighting skill increases to level 8!
Your Armour skill increases to level 8!
Unknown command.
You block the quokka's attack. You block the river rat's attack.
You see here a scorpion corpse.
Your shield prevents you from hitting the quokka.
The quokka barely misses you.
You riposte.
You closely miss the quokka. Your headbutt misses the quokka.
You block the river rat's attack. The quokka bites you.
You slash the quokka!
You kill the quokka!
Okawaru accepts your kill. You block the river rat's attack.
The river rat bites you.
* * * LOW HITPOINT WARNING * * *
You barely miss the river rat. Your headbutt misses the river rat.
The river rat bites you but does no damage.
You slash the river rat!
The river rat is almost dead.
The river rat bites you.
* * * LOW HITPOINT WARNING * * *
You hit the river rat.
The river rat is almost dead.
You block the river rat's attack. The river rat bites you.
* * * LOW HITPOINT WARNING * * *
You closely miss the river rat. Your headbutt misses the river rat.
The river rat is almost dead.
The river rat closely misses you.
You hit the river rat but do no damage.
The river rat is almost dead.
The river rat bites you.
You die...

#.?(.')))'.##......#..#
##########.##..........
#...........'...........
+#####'#####......#..#.
#..#.).'.##...........
#..#...#.#####'#####+
#..#####.##.......#
#..'...#†##.......#
#..'...r@##.......#
#..########...<...# #..+
#.......# #..# #.......#
#### #.......# #########


You could see a river rat.

Vanquished Creatures
  A floating eye (D)
  A scorpion (D)
  A gnoll (D)
  2 ufetubi (D)
  An endoplasm (D)
  A kobold (D)
  A quokka (D)
8 creatures vanquished.

Notes
Turn   | Place    | Note
-------+----------+-------------------------------------------
     0 | D        | boopmooplesden the Minotaur Fighter began the quest for the
                  | Orb.
     0 | D        | Reached XP level 1. HP: 19/19 MP: 0/0
     8 | D        | Noticed a floating eye
    12 | D        | Killed a floating eye
    13 | D        | Reached XP level 2. HP: 31/31 MP: 1/1
    13 | D        | Reached XP level 3. HP: 38/38 MP: 2/2
    13 | D        | Reached XP level 4. HP: 45/45 MP: 3/3
    38 | D        | Found a glowing golden altar of the Shining One.
    38 | D        | Found a glowing silver altar of Zin.
    38 | D        | Found a basalt altar of Yredelemnul.
    38 | D        | Found a shimmering altar of Xom.
    38 | D        | Found an ornate altar of the Wu Jian Council.
    38 | D        | Found a bloodstained altar of Trog.
    38 | D        | Found a shimmering blue altar of Sif Muna.
    38 | D        | Found a sacrificial altar of Ru.
    38 | D        | Found a stormy altar of Qazlal.
    38 | D        | Found an iron altar of Okawaru.
    38 | D        | Found a sparkling altar of Nemelex Xobeh.
    38 | D        | Found a burning altar of Makhleb.
    38 | D        | Found a viscous altar of Jiyva.
    38 | D        | Found a hazy altar of Hepliaklqana.
    38 | D        | Found an opulent altar of Gozag.
    38 | D        | Found a blossoming altar of Fedhas.
    38 | D        | Found a white marble altar of Elyvilon.
    38 | D        | Found a shadowy altar of Dithmenos.
    38 | D        | Found a snail-covered altar of Cheibriados.
    39 | D        | Found a radiant altar of Vehumet.
    39 | D        | Found a corrupted altar of Lugonu.
    40 | D        | Found a hide-covered altar of Uskayaw.
    40 | D        | Found an ancient bone altar of Kikubaaqudgha.
    40 | D        | Found a broken altar of Ashenzari.
    44 | D        | Became a worshipper of Warmaster Okawaru
    83 | D        | Noticed a scorpion
    98 | D        | Killed a scorpion
    99 | D        | Reached skill level 5 in Long Blades
    99 | D        | Reached XP level 5. HP: 13/53 MP: 4/4
   111 | D        | Slain by a river rat

Illustrated notes

Levels and vault maps discovered:
D:        pitsprint [storerooms_1, entrance_room_1, metal_vault_5, armoury_3,
          mini_pit_1, grid_room_1, main_hall_1, silver_pit, the_coven_1,
          the_vestibule_1, steel_vault_2, golden_pit, hallway_of_sentries,
          crystal_vault_4, iron_vault_2, final_vault]

Skill      XL: |  1  2  3  4  5 |
---------------+----------------+-----
Fighting       | 6 7 8 |  8.0
Long Blades    | 4 5 |  5.2
Armour         | 7 8 |  8.0
Shields        | 6 8 |  8.1
Dodging        | |  0.5

Action                   |  1- 3 |  4- 6 || total
-------------------------+-------+-------++-------
Melee: Long sword        |     3 |       ||     3
       Headbutt          |     2 |     2 ||     4
       Falchion          |       |    25 ||    25
  Use: Potion            |       |     1 ||     1
Armor: Scale mail        |       |    12 ||    12
Dodge: Dodged            |       |    17 ||    17
Block: Kite shield       |       |    24 ||    24
       Rpst.: Falchion   |       |     4 ||     4
